[Event "Titled Tuesday Blitz May 2 Late 2023"]
[White "Yoo, Christopher Woojin"]
[Black "Koziorowicz, Michal"]
[WhiteFideId "30909694"]
[BlackFideId "21809194"]
[WhiteElo "2519"]
[BlackElo "2255"]
[Result "0-1"]
[Round "06"]
[TimeControl "180+2"]
[Date "2023.05.02"]
[WhiteClock "0:00:02"]
[BlackClock "0:00:09"]

1. e4 c5 2. Nf3 d6 3. d4 cxd4 4. Nxd4 Nf6 5. Nc3 g6 6. Be3 Bg7 7. f3 O-O 8. Qd2 Nc6 9. O-O-O d5 10. Qe1 e5 11. Nxc6 bxc6 12. exd5 Nxd5 13. Bc4 Be6 14. Kb1 Re8 15. Bb3 a5 16. h4 Qb8 17. Na4 Nxe3 18. Qxe3 Bxb3 19. axb3 e4 20. fxe4 Qe5 21. Rhe1 Rab8 22. Qc5 Qf6 23. h5 Rb4 24. Rf1 Qe6 25. hxg6 hxg6 26. Rd6 Qxe4 27. Qxc6 Qe2 28. Qf3 Qe7 29. Rfd1 Reb8 30. Rd7 Qe6 31. Rd8+ Rxd8 32. Rxd8+ Bf8 33. Qd5 Qe7 34. Rd7 Qe1+ 35. Ka2 Rf4 36. Rd8 Rf1 37. b4 Qxb4 38. Nc3 a4 39. Qb5 Qxb5 40. Nxb5 Rf2 41. c4 Rc2 42. Rc8 Kg7 43. Kb1 Rxg2 44. Nc3 g5 45. Nxa4 g4 46. Nc3 g3 47. Rd8 Rg1+ 48. Ka2 g2 49. Rd3 Ra1+ 50. Kxa1 g1=Q+ 51. Ka2 Qa7+ 52. Kb3 Qb6+ 53. Nb5 Qc5 54. Rd5 Qb4+ 55. Kc2 Qxc4+ 56. Nc3 Bb4 57. Rg5+ Kf6 58. Rg3 Bxc3 59. Rxc3 Qa4+ 60. Kb1 Ke5 61. Re3+ Kd4 62. Ra3 Qd1+ 63. Ka2 f5 64. Ra8 Ke3 65. Re8+ Kf2 66. Ka3 Qa1+ 67. Kb3 f4 68. Kc3 f3 69. Re6 Qe1+ 70. Rxe1 Kxe1 71. b3 f2 0-1


[Site "https://www.chess.com"]

[Event "Titled Tuesday Blitz May 2 Late 2023"]
[White "Zhigalko, Sergei"]
[Black "Benedetti, Julio"]
[WhiteFideId "13502956"]
[BlackFideId "172545"]
[WhiteElo "2626"]
[BlackElo "2263"]
[Result "1-0"]
[Round "06"]
[TimeControl "180+2"]
[Date "2023.05.02"]
[WhiteClock "0:00:13"]
[BlackClock "0:00:46"]

1. e4 c5 2. Nf3 Nc6 3. c3 Nf6 4. e5 Nd5 5. Bc4 Nb6 6. Bb3 d5 7. exd6 Qxd6 8. O-O g6 9. Na3 Qd8 10. d4 cxd4 11. Nb5 a6 12. Nbxd4 Nxd4 13. Nxd4 Bg7 14. Bg5 O-O 15. Re1 Nd5 16. Qf3 Nf6 17. h3 Re8 18. Rad1 Qc7 19. Bxf6 Bxf6 20. Qxf6 exf6 21. Rxe8+ Kg7 22. Rde1 Qf4 23. R8e7 Bf5 24. Rxf7+ Kh8 25. g3 Qd2 26. Ree7 Qh6 27. h4 Rf8 28. Nxf5 gxf5 29. Rxf8+ Qxf8 30. Rxb7 Qe8 31. Rb4 Qe1+ 32. Kg2 Qe4+ 33. Rxe4 1-0


[Site "https://www.chess.com"]

[Event "Titled Tuesday Blitz May 2 Late 2023"]
[White "Bachmann, Axel"]
[Black "Seemann, Jakub"]
[WhiteFideId "3700488"]
[BlackFideId "21874697"]
[WhiteElo "2605"]
[BlackElo "2364"]
[Result "0-1"]
[Round "06"]
[TimeControl "180+2"]
[Date "2023.05.02"]
[WhiteClock "0:00:10"]
[BlackClock "0:00:06"]

1. Nf3 Nf6 2. c4 e6 3. Nc3 d5 4. e3 Bb4 5. Qc2 O-O 6. b3 b6 7. cxd5 exd5 8. Bb2 Bb7 9. Nb5 c6 10. Nbd4 Be7 11. Nf5 Nbd7 12. Ng5 h6 13. Nf3 c5 14. d4 cxd4 15. Nxe7+ Qxe7 16. Nxd4 Rac8 17. Qd2 Ne4 18. Nf5 Qe6 19. Qd4 Ndf6 20. g4 Rc2 21. Bd3 Rd2 22. Bc3 Ng5 23. Nh4 Rxd3 24. Qxd3 d4 25. f4 Bxh1 26. fxg5 Qxg4 27. Qxd4 Qg1+ 28. Kd2 Qxh2+ 29. Kc1 hxg5 30. Nf5 Be4 31. Ne7+ Kh7 32. Bd2 Re8 33. Qb4 Qc7+ 34. Kb2 Qxe7 35. Qc4 Qe5+ 36. Bc3 Qe6 37. Qb5 Kg6 38. Rg1 Bf5 39. e4 Qxe4 40. Ka3 Qc2 41. Bxf6 gxf6 42. Qxe8 Qc5+ 43. Kb2 Qxg1 44. Qg8+ Kh5 45. Qxf7+ Kg4 46. Qd5 Qf2+ 47. Ka3 Qf4 48. Qd1+ Kh4 49. Qe1+ Kh3 50. Qe8 Qe5 51. Qh5+ Kg3 52. Qd1 Qa5+ 53. Kb2 Qe5+ 54. Ka3 g4 55. Qg1+ Kf4 56. Qc1+ Ke4 57. Qc2+ Kd5 58. Qc4+ Kd6 59. Qg8 Qc5+ 60. Kb2 Qe5+ 61. Ka3 g3 62. Qd8+ Kc6 63. Qa8+ Kc5 64. Qg2 Kd4 65. Qg1+ Ke4 66. Qf1 Ke3 67. Qg1+ Kf3 68. Qd1+ Kf2 0-1


[Site "https://www.chess.com"]

[Event "Titled Tuesday Blitz May 2 Late 2023"]
[White "Mortazavi, Ali"]
[Black "Indjic, Aleksandar"]
[WhiteFideId "401323"]
[BlackFideId "911925"]
[WhiteElo "2339"]
[BlackElo "2614"]
[Result "1/2-1/2"]
[Round "06"]
[TimeControl "180+2"]
[Date "2023.05.02"]
[WhiteClock "0:00:09"]
[BlackClock "0:00:51"]

1. Nf3 Nf6 2. g3 b5 3. Bg2 Bb7 4. O-O e6 5. d3 c5 6. e4 d6 7. a4 b4 8. Nbd2 Nbd7 9. Nc4 Be7 10. Re1 O-O 11. a5 a6 12. e5 dxe5 13. Nfxe5 Bxg2 14. Kxg2 Nxe5 15. Nxe5 Qd5+ 16. Qf3 Rac8 17. Nc4 Qxf3+ 18. Kxf3 Nd5 19. h4 Rb8 20. Bf4 Rb7 21. Bd6 Rd8 22. Bxe7 Nxe7 23. Re5 Rc7 24. g4 Nc6 25. Rae1 Nd4+ 26. Kg3 Nxc2 27. Rd1 Nd4 28. f3 f6 29. Re4 Kf7 30. h5 h6 31. Rde1 Rc6 32. Rd1 Nb5 33. f4 Nd6 34. Nxd6+ Rdxd6 35. Kf3 Rd5 36. Ke3 Ke7 37. Rc1 Kd6 38. Rec4 Rd4 39. b3 Kd5 40. R4c2 e5 41. Rf1 Rxf4 42. Rxf4 exf4+ 43. Kxf4 Kd4 44. Kf5 Kxd3 45. Rc4 Rc7 46. Ke6 Rb7 47. Rxc5 Kd4 48. Rc6 Rb5 49. Rxa6 Kc3 50. Kf7 Rg5 51. Rc6+ Kxb3 52. a6 Ka2 53. a7 Ra5 54. Kxg7 Rxa7+ 55. Kxh6 b3 56. Rb6 Ra4 57. g5 fxg5 58. Kxg5 b2 59. h6 Ra5+ 60. Kg6 Ra8 61. Kg7 b1=Q 62. Rxb1 Kxb1 63. h7 Ra7+ 64. Kg8 Ra8+ 65. Kg7 Ra7+ 66. Kg8 Rxh7 67. Kxh7 1/2-1/2


[Site "https://www.chess.com"]

[Event "Titled Tuesday Blitz May 2 Late 2023"]
[White "Sieciechowicz, Marcin"]
[Black "Mustafayev, Farid"]
[WhiteFideId "1130170"]
[BlackFideId "13408771"]
[WhiteElo "2302"]
[BlackElo "2237"]
[Result "1-0"]
[Round "06"]
[TimeControl "180+2"]
[Date "2023.05.02"]
[WhiteClock "0:00:06"]
[BlackClock "0:00:03"]

1. d4 d5 2. Bf4 Nf6 3. e3 g6 4. Nf3 Bg7 5. Bd3 O-O 6. h3 b6 7. Qe2 Bb7 8. O-O Nbd7 9. c3 a6 10. Nbd2 c5 11. a4 Ne4 12. Bh2 Nxd2 13. Qxd2 Re8 14. b4 e5 15. Nxe5 Nxe5 16. Bxe5 Bxe5 17. dxe5 Rxe5 18. bxc5 bxc5 19. Rfb1 Bc6 20. a5 d4 21. exd4 cxd4 22. Bf1 Rxa5 23. Rxa5 Qxa5 24. Qxd4 Rd8 25. Qf6 Qd5 26. Rb6 Ba8 27. Rxa6 Re8 28. Rd6 Qb7 29. c4 h5 30. c5 Qc7 31. c6 Rf8 32. Bc4 Kh7 33. Bd5 Qb6 34. Bxf7 Qb1+ 35. Kh2 Kh6 36. c7 Bb7 37. Rb6 Qe4 38. Rxb7 Rxf7 39. Qxf7 Qxb7 40. Qf8+ Kg5 41. c8=Q h4 42. Qfd8+ Kh5 43. Qg4+ Kh6 44. Qgxh4+ 1-0


[Site "https://www.chess.com"]

[Event "Titled Tuesday Blitz May 2 Late 2023"]
[White "Maurizzi, Marc`Andria"]
[Black "Holt, Conrad"]
[WhiteFideId "36083534"]
[BlackFideId "2034387"]
[WhiteElo "2421"]
[BlackElo "2592"]
[Result "0-1"]
[Round "06"]
[TimeControl "180+2"]
[Date "2023.05.02"]
[WhiteClock "0:00:09"]
[BlackClock "0:00:08"]

1. e4 e6 2. d4 d5 3. Nd2 c5 4. Ngf3 cxd4 5. Nxd4 Nf6 6. exd5 Nxd5 7. N2f3 Bb4+ 8. Bd2 O-O 9. Bd3 Qf6 10. c3 e5 11. Ne2 Ba5 12. O-O Bg4 13. Ng3 Bxf3 14. Qxf3 Qxf3 15. gxf3 Nd7 16. Rad1 Bc7 17. Rfe1 Nc5 18. Bc2 Rad8 19. Bg5 f6 20. Bc1 Kh8 21. Ne4 Ne6 22. Bb3 Ndf4 23. Be3 Bb6 24. Bxf4 Nxf4 25. Nd6 Rd7 26. Kf1 h5 27. Ba4 Rc7 28. Re4 Kh7 29. Nf5 g6 30. Ne3 Re7 31. Bc2 Rd8 32. Rxd8 Bxd8 33. Ba4 Re6 34. Rc4 Rd6 35. Rc8 Bb6 36. Nc4 Rd3 37. Nxb6 axb6 38. Rc7+ Kh6 39. Rxb7 Rd6 40. c4 Nd3 41. a3 Nxb2 42. Bb5 Nd3 43. Rb8 Kg5 44. Rc8 Nf4 45. Ba4 Rd3 46. c5 Rxa3 47. Bd1 Ra1 48. Ke1 Nd3+ 49. Kd2 Nxc5 50. Bc2 Ra3 51. Rg8 f5 52. Re8 Rxf3 53. Rxe5 Rxf2+ 54. Kc3 Rxh2 55. Re8 h4 0-1


[Site "https://www.chess.com"]

[Event "Titled Tuesday Blitz May 2 Late 2023"]
[White "Kovalenko, Igor"]
[Black "Hajiyev, Kanan"]
[WhiteFideId "14117908"]
[BlackFideId "13404148"]
[WhiteElo "2574"]
[BlackElo "2103"]
[Result "1-0"]
[Round "06"]
[TimeControl "180+2"]
[Date "2023.05.02"]
[WhiteClock "0:01:28"]
[BlackClock "0:00:05"]

1. d4 d5 2. c4 c6 3. Nf3 Nf6 4. Nc3 g6 5. Bg5 Ne4 6. h4 Bg7 7. e3 h6 8. Bf4 Bg4 9. Qb3 Qb6 10. cxd5 Qxb3 11. axb3 Nxc3 12. bxc3 cxd5 13. Bxb8 Rxb8 14. Bb5+ Bd7 15. Bxd7+ Kxd7 16. Rxa7 Rhc8 17. Kd2 Kc6 18. Rha1 Kb6 19. Kd3 Re8 20. R7a5 Rbd8 21. R5a4 e5 22. dxe5 Bxe5 23. Rb4+ Kc6 24. g4 Bg7 25. Ra7 Rd7 26. Rf4 Re4 27. Ra4 Rxa4 28. Rxa4 Kb5 29. Ra8 Rc7 30. Nd4+ Kc5 31. Rd8 Bxd4 32. exd4+ Kc6 33. Rh8 b5 34. Rxh6 b4 35. h5 bxc3 36. Kxc3 Kb5+ 37. Kd2 gxh5 38. Rxh5 Rd7 39. Kc3 Rc7+ 40. Kd3 Rd7 41. Rh8 Rb7 42. Rc8 Kb4 43. Rc5 Rd7 44. g5 Kxb3 45. f4 Kb4 46. f5 Kb3 47. f6 Kb4 48. Ke3 Rd6 49. Kf4 Re6 50. Rxd5 Kc4 51. Rd7 Ra6 52. Rxf7 Kxd4 53. Rd7+ Kc5 54. f7 Kc6 55. Rd2 Ra4+ 56. Kf5 Ra8 57. Kf6 1-0


[Site "https://www.chess.com"]

[Event "Titled Tuesday Blitz May 2 Late 2023"]
[White "Kobo, Ori"]
[Black "Saya, Ethan"]
[WhiteFideId "2812320"]
[BlackFideId "26095181"]
[WhiteElo "2447"]
[BlackElo "2189"]
[Result "1-0"]
[Round "06"]
[TimeControl "180+2"]
[Date "2023.05.02"]
[WhiteClock "0:00:07"]
[BlackClock "0:00:10"]

1. Nf3 Nf6 2. c4 e6 3. g3 d5 4. Bg2 Be7 5. O-O O-O 6. b3 b6 7. Bb2 Bb7 8. cxd5 Nxd5 9. d4 Nf6 10. Re1 Nbd7 11. Nc3 c5 12. e4 cxd4 13. Nxd4 Ne5 14. Re2 Nc6 15. Nxc6 Bxc6 16. e5 Nd5 17. Nxd5 Bxd5 18. Rd2 Bc5 19. Bxd5 exd5 20. Rxd5 Qg5 21. Qf3 Rae8 22. Rad1 Rd8 23. h4 Qe7 24. Kg2 h6 25. Qd3 Rxd5 26. Qxd5 Re8 27. Qc6 Qe6 28. Qxe6 fxe6 29. Rd7 a5 30. Bd4 Rc8 31. f4 Bxd4 32. Rxd4 Rc2+ 33. Kh3 Rxa2 34. Rd6 Kf7 35. Rxb6 h5 36. Ra6 Rb2 37. Rxa5 Rxb3 38. Ra7+ Kf8 39. Ra8+ Kf7 40. Ra7+ Kf8 41. Ra2 Kf7 42. Kg2 Rc3 43. Ra7+ Kf8 44. Rb7 Ra3 45. Kf2 Rc3 46. Ra7 Rb3 47. Kg2 Rc3 48. Ra2 Kf7 49. Ra6 Rb3 50. Rd6 Ra3 51. Kf2 Rb3 52. Rd2 Kg6 53. Rd7 Rb2+ 54. Kf3 Rb3+ 55. Kg2 Rb2+ 56. Kh3 Rb6 57. Re7 Rc6 58. Kg2 Rc2+ 59. Kf3 Rc3+ 60. Kf2 Rc2+ 61. Ke3 Rc3+ 62. Ke4 Rc6 63. Rxe6+ Rxe6 64. f5+ Kf7 65. fxe6+ Kxe6 66. Kf4 g6 67. Kg5 Kxe5 68. Kxg6 Ke6 69. Kxh5 Kf7 70. Kg5 Kg8 71. g4 Kh8 72. h5 Kg8 73. Kg6 Kh8 74. Kf7 Kh7 75. g5 Kh8 76. h6 Kh7 77. g6+ Kxh6 78. g7 Kh5 79. g8=Q Kh4 80. Qg2 1-0


[Site "https://www.chess.com"]

[Event "Titled Tuesday Blitz May 2 Late 2023"]
[White "Gutkin, Ilya"]
[Black "Pakleza, Zbigniew"]
[WhiteFideId "16203470"]
[BlackFideId "1119290"]
[WhiteElo "2265"]
[BlackElo "2410"]
[Result "1-0"]
[Round "06"]
[TimeControl "180+2"]
[Date "2023.05.02"]
[WhiteClock "0:00:06"]
[BlackClock "0:00:03"]

1. Nf3 d5 2. g3 Nf6 3. Bg2 Bf5 4. c4 c6 5. Qb3 Qb6 6. d3 e6 7. Be3 Qxb3 8. axb3 a6 9. Nc3 Nbd7 10. cxd5 Nxd5 11. Bd2 Bg6 12. O-O Be7 13. Rfc1 O-O 14. Na4 Rac8 15. h3 h6 16. Nd4 Bf6 17. Nc2 Rfe8 18. b4 e5 19. Nc3 N7b6 20. Ne4 Be7 21. Nc5 Rc7 22. e4 Nf6 23. f4 Nfd7 24. Be3 f6 25. h4 Nxc5 26. bxc5 Nd7 27. b4 Rd8 28. Rd1 Bf7 29. Rd2 Nf8 30. d4 Rcd7 31. Ra3 exd4 32. Rxd4 Ne6 33. Rxd7 Rxd7 34. Bf3 g5 35. hxg5 hxg5 36. Kf2 Kg7 37. Ke2 Nc7 38. Nd4 Bc4+ 39. Kf2 Rxd4 40. Bxd4 Nb5 41. Bb2 Nxa3 42. Bxa3 gxf4 43. gxf4 Kf7 44. Bg4 Be6 45. Be2 f5 46. e5 Bd5 47. Bh5+ Ke6 48. Bc1 a5 49. Bd2 a4 50. Bc1 b6 51. Ba3 bxc5 52. bxc5 Be4 53. Bd1 Bd5 54. Bxa4 Bd8 55. Ke3 Bh4 56. Bb4 Bg3 57. Bd2 Bh4 58. Bc2 Be7 59. Bb4 Bh4 60. Bd3 Be7 61. Ba6 Bh4 62. Bc8+ Kf7 63. Bxf5 Bd8 64. Be4 Bc7 65. Bxd5+ cxd5 66. c6 Ke6 67. Kd4 Bb6+ 68. Bc5 Bc7 69. Bd6 Bb6+ 70. Kd3 Kf5 71. c7 Bxc7 72. Bxc7 Kxf4 73. e6+ Kf5 74. e7 1-0


[Site "https://www.chess.com"]

[Event "Titled Tuesday Blitz May 2 Late 2023"]
[White "Sun, Rick"]
[Black "Fedoseev, Vladimir"]
[WhiteFideId "30909481"]
[BlackFideId "24130737"]
[WhiteElo "2169"]
[BlackElo "2752"]
[Result "0-1"]
[Round "06"]
[TimeControl "180+2"]
[Date "2023.05.02"]
[WhiteClock "0:00:06"]
[BlackClock "0:01:10"]

1. d4 Nf6 2. Nc3 d5 3. Bf4 a6 4. e3 e6 5. Nf3 c5 6. dxc5 Bxc5 7. Bd3 Nc6 8. O-O h6 9. e4 O-O 10. e5 Nh7 11. Qd2 f5 12. exf6 Qxf6 13. Bg3 Ng5 14. Nxg5 hxg5 15. Rae1 Bd7 16. a3 Rf7 17. b4 Bd4 18. Ne2 Ba7 19. c4 Raf8 20. c5 e5 21. Bb1 Be6 22. Nc3 Rd8 23. Ba2 Rfd7 24. Qd1 Bb8 25. Qh5 g6 26. Qd1 Kg7 27. Na4 Rf7 28. Nb6 Nd4 29. Re3 Nf5 30. Rf3 e4 31. Rxf5 gxf5 32. Bxb8 Rxb8 33. Nxd5 Qe5 34. Qd2 f4 35. Rd1 Rd8 36. h4 Rfd7 37. hxg5 Bxd5 38. Qe2 Bxa2 39. Rxd7+ Rxd7 40. Qh5 Qe6 41. g6 Qxg6 42. Qe5+ Qf6 0-1


[Site "https://www.chess.com"]

[Event "Titled Tuesday Blitz May 2 Late 2023"]
[White "Paravyan, David"]
[Black "Khripachenko, Alexander"]
[WhiteFideId "4194985"]
[BlackFideId "54184975"]
[WhiteElo "2563"]
[BlackElo "2374"]
[Result "1-0"]
[Round "06"]
[TimeControl "180+2"]
[Date "2023.05.02"]
[WhiteClock "0:00:31"]
[BlackClock "0:00:04"]

1. e4 c5 2. Nf3 Nc6 3. Bb5 e6 4. Bxc6 bxc6 5. d3 d6 6. e5 Ne7 7. exd6 Ng6 8. Nbd2 Bxd6 9. Nc4 Bc7 10. b3 f6 11. O-O e5 12. Nfd2 O-O 13. Ne4 Bb6 14. a4 Be6 15. a5 Bc7 16. Ba3 f5 17. Nxc5 Bd5 18. f3 Nf4 19. Bc1 Qg5 20. Bxf4 Qxf4 21. Qc1 Qh4 22. Qe1 Qf6 23. Nd7 Qh6 24. Nxf8 e4 25. g3 exf3 26. Nd7 Qh3 27. Qf2 f4 28. Nce5 Re8 29. Rae1 Re6 30. gxf4 Qf5 31. Kh1 Qxf4 32. c4 Rh6 33. cxd5 cxd5 34. Nxf3 Bd6 35. Re8+ Kf7 36. Nfe5+ Bxe5 37. Nxe5+ Kxe8 38. Qxf4 Rf6 39. Qxf6 gxf6 40. Rxf6 Ke7 41. Ra6 1-0


[Site "https://www.chess.com"]

[Event "Titled Tuesday Blitz May 2 Late 2023"]
[White "Nazari, Arad"]
[Black "Bluebaum, Matthias"]
[WhiteFideId "12577324"]
[BlackFideId "24651516"]
[WhiteElo "2242"]
[BlackElo "2638"]
[Result "0-1"]
[Round "06"]
[TimeControl "180+2"]
[Date "2023.05.02"]
[WhiteClock "0:00:03"]
[BlackClock "0:00:15"]

1. e4 e6 2. d4 d5 3. e5 c5 4. c3 Nc6 5. Nf3 Nge7 6. Na3 Bd7 7. Be2 cxd4 8. cxd4 Nf5 9. Nc2 Be7 10. O-O O-O 11. Bd3 f6 12. Bf4 Be8 13. Re1 Bh5 14. Bxf5 exf5 15. Qd3 g5 16. exf6 Bxf6 17. Be5 f4 18. Bxf6 Qxf6 19. Ne5 Rfe8 20. Nxc6 bxc6 21. Rxe8+ Rxe8 22. Re1 Re6 23. Kf1 Bg6 24. Qc3 g4 25. Nb4 Be4 26. f3 gxf3 27. gxf3 Bf5 28. Rxe6 Bxe6 29. Nxc6 Qh4 30. Qd2 Bh3+ 31. Ke2 Bd7 32. Ne5 Qxh2+ 33. Kd1 Qg1+ 34. Kc2 Bf5+ 35. Kc3 Qe3+ 36. Qxe3 fxe3 37. Nc6 Kf7 38. Nxa7 h5 39. Nc6 h4 40. Ne5+ Kf6 41. f4 h3 42. Nf3 Be4 43. Nh2 Kf5 44. a4 Kxf4 45. a5 Kg3 46. a6 Kxh2 47. a7 Kg1 48. a8=Q h2 49. Qa1+ Kf2 0-1


[Site "https://www.chess.com"]

[Event "Titled Tuesday Blitz May 2 Late 2023"]
[White "Bortnyk, Olexandr"]
[Black "Mihajlov, Sebastian"]
[WhiteFideId "14120828"]
[BlackFideId "1512110"]
[WhiteElo "2734"]
[BlackElo "2478"]
[Result "1-0"]
[Round "06"]
[TimeControl "180+2"]
[Date "2023.05.02"]
[WhiteClock "0:01:14"]
[BlackClock "0:00:56"]

1. d4 Nf6 2. Nc3 d5 3. Bf4 e6 4. Nb5 Na6 5. e3 Be7 6. Nf3 c5 7. c3 O-O 8. Ne5 Nd7 9. Bd3 Nxe5 10. Bxe5 Bd7 11. a4 Bc6 12. h4 f6 13. Qh5 f5 14. f4 Bxb5 15. axb5 Nc7 16. g4 Bf6 17. gxf5 Bxe5 18. fxe5 Qd7 19. fxe6 Qxe6 20. Bxh7+ 1-0


[Site "https://www.chess.com"]

[Event "Titled Tuesday Blitz May 2 Late 2023"]
[White "Hansen, Eric"]
[Black "Stearman, Josiah"]
[WhiteFideId "2606771"]
[BlackFideId "2062496"]
[WhiteElo "2561"]
[BlackElo "2393"]
[Result "1-0"]
[Round "06"]
[TimeControl "180+2"]
[Date "2023.05.02"]
[WhiteClock "0:00:17"]
[BlackClock "0:01:15"]

1. e4 c5 2. Nf3 Nc6 3. Bb5 Na5 4. O-O a6 5. Be2 e6 6. c3 Nf6 7. e5 Nd5 8. Re1 Nc6 9. Na3 d6 10. exd6 Bxd6 11. Nc4 Bc7 12. a4 O-O 13. d4 cxd4 14. Nxd4 Nxd4 15. Qxd4 b6 16. Bf3 Bb7 17. Ne5 b5 18. axb5 axb5 19. Rxa8 Qxa8 20. Qd3 Rd8 21. Qe2 b4 22. Nxf7 Kxf7 23. Qxe6+ Kf8 24. Bh5 Bxh2+ 25. Kh1 1-0


[Site "https://www.chess.com"]

[Event "Titled Tuesday Blitz May 2 Late 2023"]
[White "Baskakov, Egor"]
[Black "Leiva, Gianmarco"]
[WhiteFideId "24197866"]
[BlackFideId "3804399"]
[WhiteElo "2212"]
[BlackElo "2345"]
[Result "0-1"]
[Round "06"]
[TimeControl "180+2"]
[Date "2023.05.02"]
[WhiteClock "0:00:53"]
[BlackClock "0:00:46"]

1. e4 c5 2. Nf3 d6 3. d4 cxd4 4. Nxd4 Nf6 5. Nc3 a6 6. a4 e5 7. Nde2 Be7 8. g3 O-O 9. Bg2 Nc6 10. Nd5 Nxd5 11. exd5 Nb8 12. a5 f5 13. O-O Nd7 14. Be3 Nf6 15. h3 Qe8 16. f4 Ne4 17. Kh2 Bf6 18. c4 exf4 19. Nxf4 Bxb2 20. Rb1 Nc3 21. Qd2 Nxb1 22. Rxb1 Be5 23. c5 g5 24. Ne6 f4 25. gxf4 gxf4 26. Bd4 Bxe6 27. Bxe5 dxe5 28. dxe6 f3 29. Bf1 Qxe6 30. Rxb7 Kh8 31. Qg5 Qf6 32. Qh5 Qf5 33. Qxf5 Rxf5 34. Bd3 f2 0-1


[Site "https://www.chess.com"]

[Event "Titled Tuesday Blitz May 2 Late 2023"]
[White "Kucuksari, Kaan"]
[Black "Quesada Perez, Yasser"]
[WhiteFideId "6380166"]
[BlackFideId "3509362"]
[WhiteElo "2364"]
[BlackElo "2496"]
[Result "1-0"]
[Round "06"]
[TimeControl "180+2"]
[Date "2023.05.02"]
[WhiteClock "0:00:39"]
[BlackClock "0:00:24"]

1. d4 Nf6 2. c4 e6 3. g3 d5 4. Nf3 Be7 5. Bg2 O-O 6. O-O c6 7. Qc2 a5 8. Nbd2 b5 9. c5 b4 10. e4 Ba6 11. Re1 Nbd7 12. e5 Ne8 13. Nf1 Nc7 14. h4 f6 15. Bf4 fxe5 16. Nxe5 Nxe5 17. Bxe5 Bf6 18. Nh2 Bxe5 19. Rxe5 Bc4 20. Nf3 h6 21. h5 a4 22. Qd2 b3 23. a3 Qf6 24. Nh4 Nb5 25. Rae1 Rfe8 26. Bh3 Nc7 27. Ng6 Rab8 28. Nf4 Kh8 29. Qd1 Rf8 30. Qd2 Rf7 31. Kg2 Re8 32. Qa5 Nb5 33. Qd2 Nc7 34. R1e3 Kg8 35. Qa5 Nb5 36. Bxe6 Rxe6 37. Rxe6 Qxd4 38. Re8+ Kh7 39. Qd8 1-0


[Site "https://www.chess.com"]

[Event "Titled Tuesday Blitz May 2 Late 2023"]
[White "Rodshtein, Maxim"]
[Black "Manukyan, Sargis A."]
[WhiteFideId "2806851"]
[BlackFideId "13303970"]
[WhiteElo "2555"]
[BlackElo "2187"]
[Result "0-1"]
[Round "06"]
[TimeControl "180+2"]
[Date "2023.05.02"]
[WhiteClock "0:00:02"]
[BlackClock "0:00:18"]

1. b3 d5 2. Bb2 e6 3. e3 Nf6 4. Nf3 Be7 5. c4 c5 6. cxd5 exd5 7. d4 Nc6 8. Be2 O-O 9. O-O h6 10. Nc3 b6 11. Rc1 Be6 12. Na4 Nd7 13. Bb5 Na5 14. dxc5 Nxc5 15. Nc3 Ne4 16. Nd4 Nxc3 17. Bxc3 Bd7 18. Bxa5 bxa5 19. Bc6 Rc8 20. Bxd5 Ba3 21. Rxc8 Qxc8 22. h3 Rd8 23. Qh5 Be8 24. Bc4 a4 25. Qa5 Bc5 26. Rc1 Bb6 27. Qe5 Qb8 28. Qxb8 Rxb8 29. Nf5 axb3 30. Bxb3 Kf8 31. Nd6 Rd8 32. Nxe8 Kxe8 33. g4 Ke7 34. Rc4 g6 35. Re4+ Kf8 36. Rf4 Rd7 37. Kg2 Kg7 38. h4 f6 39. h5 Re7 40. hxg6 Kxg6 41. Bc2+ Kg7 42. Ra4 Re5 43. Bb3 h5 44. gxh5 Rxh5 45. Rc4 Rg5+ 46. Kf3 Rc5 47. Rg4+ Rg5 48. Re4 Re5 49. Rh4 Rf5+ 50. Ke2 Rg5 51. f4 Rg3 52. e4 Re3+ 53. Kd2 Rxe4 54. Rg4+ Kh6 55. Kd3 Rd4+ 56. Kc3 f5 57. Rh4+ Kg6 58. Bc4 Rd1 59. Bd3 Ba5+ 60. Kc4 Ra1 61. Rg4+ Kf6 62. Rg5 Bb6 63. Rxf5+ Ke7 64. Kb3 Rd1 65. Bc2 Rd2 66. Re5+ Kd6 67. Re8 Rf2 68. f5 Rf3+ 69. Kc4 Rf4+ 70. Be4 Rf2 71. Re6+ Kd7 72. a4 Kc7 73. Rc6+ Kd7 74. Re6 Rf1 75. Bc6+ Kc7 76. Be4 Rc1+ 77. Kb5 Rb1+ 78. Ka6 Rb4 79. Re7+ Kd6 80. Re6+ Kd7 81. Kb7 Bc7+ 82. Ka8 Bd6 0-1


[Site "https://www.chess.com"]

[Event "Titled Tuesday Blitz May 2 Late 2023"]
[White "Kuznetsov, Felix"]
[Black "Tatarinov, Dmitry"]
[WhiteFideId "34147990"]
[BlackFideId "24160067"]
[WhiteElo "2265"]
[BlackElo "2326"]
[Result "0-1"]
[Round "06"]
[TimeControl "180+2"]
[Date "2023.05.02"]
[WhiteClock "0:00:13"]
[BlackClock "0:01:06"]

1. e4 e5 2. Nf3 Nc6 3. Bc4 Nf6 4. d3 Bc5 5. c3 d6 6. Nbd2 a5 7. Bb3 O-O 8. h3 Be6 9. O-O Bxb3 10. axb3 d5 11. exd5 Qxd5 12. Qe2 Rad8 13. Ne4 Nxe4 14. dxe4 Qxb3 15. Be3 Bxe3 16. Qxe3 b6 17. Nh4 g6 18. Nf5 Kh8 19. Qh6 Rg8 20. Ne3 Qe6 21. Rad1 Ne7 22. Rxd8 Rxd8 23. Rd1 Rxd1+ 24. Nxd1 Ng8 25. Qf8 Qd6 26. Qxd6 cxd6 27. Ne3 Nf6 28. f3 b5 29. Kf1 Kg7 30. Ke2 Kf8 31. Kd3 Ke7 32. c4 b4 33. c5 dxc5 34. Kc4 a4 35. Kxc5 a3 36. bxa3 bxa3 37. Nc2 a2 38. Kc4 Nh5 39. Kb3 Nf4 40. g4 Nxh3 41. Kxa2 Ng1 42. Ne1 h5 43. gxh5 gxh5 44. Ng2 Nxf3 45. Kb3 h4 0-1


[Site "https://www.chess.com"]

[Event "Titled Tuesday Blitz May 2 Late 2023"]
[White "Makridis, Dimitrios"]
[Black "Maze, Sebastien"]
[WhiteFideId "25864475"]
[BlackFideId "613762"]
[WhiteElo "2277"]
[BlackElo "2462"]
[Result "1-0"]
[Round "06"]
[TimeControl "180+2"]
[Date "2023.05.02"]
[WhiteClock "0:00:08"]
[BlackClock "0:00:02"]

1. e4 c5 2. Nf3 Nc6 3. Bb5 e5 4. O-O Bd6 5. c3 Nge7 6. d4 O-O 7. dxe5 Bxe5 8. Nxe5 Nxe5 9. f4 N5c6 10. Bd3 d5 11. e5 Bf5 12. Na3 Qd7 13. Nc2 Rad8 14. Kh1 d4 15. Bxf5 Nxf5 16. cxd4 Nfxd4 17. Be3 b6 18. Nxd4 cxd4 19. Bd2 Qd5 20. Rc1 Rd7 21. Qh5 Rfd8 22. f5 Nxe5 23. f6 Ng6 24. Rf5 Qxa2 25. fxg7 Qxb2 26. Qh6 d3 27. h3 a5 28. Bc3 Qxc1+ 29. Qxc1 Rc8 30. Qh6 f6 31. Bxf6 d2 32. Rh5 d1=Q+ 33. Kh2 Qd6+ 34. Be5 Qxe5+ 35. Rxe5 Nxe5 36. Qe6+ Kxg7 37. Qxe5+ Kf7 38. Qf5+ Ke7 39. Qxh7+ Kd6 40. Qd3+ Kc7 41. Qc4+ Kb7 42. Qe4+ Rc6 43. h4 b5 44. h5 Rd6 45. Qe7+ Kb6 46. Qe3+ Ka6 47. g4 b4 48. Qe2+ Kb6 49. g5 a4 50. Qe3+ Kb5 51. g6 b3 52. g7 Rd8 53. h6 b2 54. Qe2+ Ka5 55. Qe5+ Ka6 56. Qe2+ Ka7 57. Qf2+ Kb7 58. Qxb2+ Rb6 59. Qg2+ Ka6 60. g8=Q Rxh6+ 61. Kg1 Rxg8 62. Qxg8 Rb6 63. Qc4+ Ka5 64. Kf2 Rb5 65. Qc7+ Kb4 66. Ke3 a3 67. Kd3 Ka4 68. Qa7+ Kb4 69. Qe7+ Ka4 70. Kc4 Rb6 71. Qa7+ Ra6 72. Qxa6# 1-0


[Site "https://www.chess.com"]

[Event "Titled Tuesday Blitz May 2 Late 2023"]
[White "Samsonkin, Artiom"]
[Black "Kourkoulos-Arditis, Stamatis"]
[WhiteFideId "13503111"]
[BlackFideId "4221990"]
[WhiteElo "2524"]
[BlackElo "2400"]
[Result "0-1"]
[Round "06"]
[TimeControl "180+2"]
[Date "2023.05.02"]
[WhiteClock "0:00:02"]
[BlackClock "0:00:49"]

1. e4 Nf6 2. e5 Nd5 3. d4 d6 4. c4 Nb6 5. f4 Bf5 6. Nc3 e6 7. Be3 dxe5 8. fxe5 Nc6 9. Nf3 Bg4 10. Be2 Bxf3 11. gxf3 Qh4+ 12. Bf2 Qf4 13. Qc1 Qxc1+ 14. Rxc1 O-O-O 15. Rd1 g6 16. O-O Bh6 17. Ne4 Nb4 18. a3 Nc2 19. Rd3 Nxc4 20. Rc3 N4e3 21. Nd6+ Rxd6 22. exd6 c6 23. Bd3 Nxd4 24. d7+ Kxd7 25. Re1 Nxf3+ 26. Kh1 Nxe1 27. Bxe1 Nd5 28. Rb3 Kc7 29. Bg3+ Bf4 30. Bf2 a6 31. a4 Bd6 32. a5 Bb4 33. Bb6+ Kc8 34. Bc4 Bd6 35. Bd4 Rd8 36. Bf2 Bc7 37. Be1 Nf4 0-1


[Site "https://www.chess.com"]